 Dungeon Crawl Stone Soup version 0.28-a0-1429-gf3d713df7a (webtiles) character file.

Game seed: 4421814765716674114

6454 vurker the Reanimator (level 10, -9/76 HPs)
             Began as a Gnoll Necromancer on Jan 8, 2022.
             Was a Follower of Vehumet.
             Mangled by a two-headed ogre (18 damage)
             ... on level 9 of the Dungeon.
             The game lasted 00:18:08 (12127 turns).

vurker the Reanimator (Gnoll Necromancer)          Turns: 12127, Time: 00:18:09

Health: -9/76      AC:  7    Str:  8    XL:     10   Next: 99%
Magic:  1/21       EV: 14    Int: 19    God:    Vehumet [*.....]
Gold:   403        SH:  0    Dex: 12    Spells: 11/24 levels left

rFire   . . .      SeeInvis .   b - +1 short sword (venom)
rCold   . . .      Faith    .   e - orb {light}
rNeg    . . .      Spirit   .   j - +0 troll leather armour {Pargi}
rPois   .          Reflect  .   p - +0 helmet
rElec   .          Harm     .   (no cloak)
rCorr   +          Rampage  .   (no gloves)
Will    ++...                   i - +0 pair of boots
Stlth   ++........              B - amulet of the acrobat
HPRegen 1.02/turn               d - ring of Kyugox {Will+ rCorr}
MPRegen 0.17/turn               q - ring of willpower

@: glowing
A: fangs 1, strong nose, distributed training
a: Renounce Religion


You were on level 9 of the Dungeon.
You worshipped Vehumet.
Vehumet was aware of your devotion.
You visited 2 branches of the dungeon, and saw 10 of its levels.
You also visited: Sewer.

You collected 403 gold pieces.

Inventory:

Hand Weapons
 b - a +1 short sword of venom (weapon)
   (You took it off a wight on level 7 of the Dungeon)
 z - the +3 mace "Uthaarum" {venom, Str+2}
   (You found it on level 8 of the Dungeon)

   It poisons the flesh of those it strikes.
   Str:       It affects your strength (+2).
Armour
 e - an orb of light (worn)
   (You took it off an orc on level 6 of the Dungeon)
 i - a +0 pair of boots (worn)
   (You found it on level 6 of the Dungeon)
 j - a +0 troll leather armour (worn) {Pargi}
   (You found it in a sewer)
 p - a +0 helmet (worn)
   (You found it on level 6 of the Dungeon)
 C - a +1 plate armour of fire resistance
   (You took it off an orc warrior on level 8 of the Dungeon)
Magical Staves
 a - a staff of death
   (You acquired it on level 4 of the Dungeon)
 u - a staff of conjuration
   (You found it on level 9 of the Dungeon)
Jewellery
 d - the ring of Kyugox (left hand) {Will+ rCorr}
   (You acquired it in a sewer)

   [ring of willpower]

   rCorr:     It protects you from acid and corrosion.
   Will:      It increases your willpower.
 q - a ring of willpower (right hand)
   (You found it on level 3 of the Dungeon)
 B - an amulet of the acrobat (around neck)
   (You took it off a wight on level 7 of the Dungeon)
Wands
 t - a wand of flame (23)
   (You took it off a kobold on level 3 of the Dungeon)
 v - a wand of digging (3)
   (You found it on level 4 of the Dungeon)
 A - a wand of charming (8)
   (You found it on level 8 of the Dungeon)
Scrolls
 l - 2 scrolls of teleportation
 s - a scroll of fear {unknown}
 x - a scroll of magic mapping {unknown}
 y - 3 scrolls of holy word {unknown}
 D - a scroll of identify
Potions
 c - a potion of heal wounds {unknown}
 f - 3 potions of flight {unknown}
 g - 3 potions of haste
 h - 2 potions of curing
 k - a potion of brilliance {unknown}
 m - a potion of resistance {unknown}
 n - a potion of mutation {unknown}
 o - 2 potions of cancellation {unknown}
 r - a potion of might {unknown}
 w - a potion of ambrosia {unknown}


   Skills:
 + Level 5.8 Fighting
 + Level 5.8 Short Blades
 + Level 5.8 Long Blades
 + Level 5.8 Axes
 + Level 5.8 Maces & Flails
 + Level 5.8 Polearms
 + Level 5.8 Staves
 + Level 5.8 Slings
 + Level 5.8 Bows
 + Level 5.8 Crossbows
 + Level 5.8 Throwing
 + Level 5.8 Armour
 + Level 7.4 Dodging
 + Level 7.2 Stealth
 + Level 5.8 Shields
 + Level 5.8 Unarmed Combat
 + Level 7.7 Spellcasting
 + Level 4.8 Conjurations
 + Level 4.8 Hexes
 + Level 4.8 Summonings
 + Level 8.7 Necromancy
 + Level 4.8 Translocations
 + Level 4.8 Transmutations
 + Level 4.8 Fire Magic
 + Level 4.8 Ice Magic
 + Level 4.8 Air Magic
 + Level 4.8 Earth Magic
 + Level 4.8 Poison Magic
 + Level 6.3 Invocations
 + Level 5.8 Evocations


You had 11 spell levels left.
You knew the following spells:

 Your Spells              Type           Power      Damage    Failure   Level
a - Pain                  Necr           100%       1d9       1%          1
b - Vampiric Draining     Necr           40%        2d8       1%          3
c - Dispel Undead         Necr           40%        3d16      3%          4
q - Irradiate             Conj/Tmut      12%        3d17      45%         5

Your spell library contained the following spells:

 Spells                   Type           Power      Damage    Failure   Level
 Magic Dart               Conj           100%       1d8       1%          1
 Animate Skeleton         Necr           80%        N/A       1%          1
 Foxfire                  Conj/Fire      100%       2x1d9     1%          1
 Corpse Rot               Necr/Air       66%        N/A       1%          2
 Sublimation of Blood     Necr           40%        N/A       1%          2
 Ensorcelled Hibernation  Hex/Ice        50%        N/A       2%          2
 Wereblood                Tmut           25%        N/A       2%          2
 Animate Dead             Necr           20%        N/A       3%          4
 Conjure Flame            Conj/Fire      25%        6-21      5%          3
 Inner Flame              Hex/Fire       25%        N/A       5%          3
 Tukima's Dance           Hex            25%        N/A       5%          3
 Agony                    Necr           40%        N/A       10%         5
 Cause Fear               Hex            12%        N/A       19%         4
 Flame Wave               Conj/Fire      25%        2d6       19%         4
 Petrify                  Tmut/Erth      25%        N/A       19%         4
 Death Channel            Necr           20%        N/A       50%         6
 Enfeeble                 Hex            12%        N/A       100%        7
 Summon Hydra             Summ           12%        N/A       100%        7
 Discord                  Hex            12%        N/A       100%        8


Dungeon Overview and Level Annotations

Branches:
Dungeon (9/15)             Temple (1/1) D:7            Lair (0/6) D:8
  Sewer (visited)
    Orc: D:9-12

Altars:
Ashenzari
Cheibriados
Dithmenos
Elyvilon
Fedhas
Gozag
Hepliaklqana
Kikubaaqudgha
Makhleb
Nemelex Xobeh
Okawaru
Qazlal
Ru
Trog
Uskayaw
Vehumet
Wu Jian
Zin
The Shining One

Shops:
D:4 [

Annotations:
D:4 2 runed translucent doors, ThreePoint314's ghost, novice DsGl


Innate Abilities, Weirdness & Mutations

You have very sharp teeth.
Your uncanny sense of smell can sniff out nearby items.
Your experience applies equally to all skills.


Message History

You draw life force from the bullfrog!
You kill the bullfrog!
Vehumet accepts your kill.
You feel your power returning.
You feel life coursing into your body.
You can't see any susceptible monsters within range! (Use Z to cast anyway.)
Found 32 stones.
You see here 32 stones.
You see here 32 stones.
Found an escape hatch in the floor.
A two-headed ogre comes into view.
It is wielding a +0 giant spiked club and a +0 giant club.
A two-headed ogre is nearby!
A two-headed ogre is nearby!
The two-headed ogre shouts in stereo!
Aim: a two-headed ogre, wielding a +0 giant spiked club and a +0 giant club (chance to affect: 70%)
The two-headed ogre writhes in agony.
Aim: a two-headed ogre, wielding a +0 giant spiked club and a +0 giant club (lightly wounded, chance to affect: 70%)
The two-headed ogre struggles to resist.
Aim: a two-headed ogre, wielding a +0 giant spiked club and a +0 giant club (lightly wounded, haloed, chance to affect: 70%)
The two-headed ogre writhes in agony.
Aim: a two-headed ogre, wielding a +0 giant spiked club and a +0 giant club (lightly wounded, haloed, chance to affect: 70%)
The two-headed ogre writhes in agony.
Aim: a two-headed ogre, wielding a +0 giant spiked club and a +0 giant club (lightly wounded, haloed)
You draw life force from the two-headed ogre!
The two-headed ogre hits you with a +0 giant spiked club.
The two-headed ogre hits you with a +0 giant club!
Aim: a two-headed ogre, wielding a +0 giant spiked club and a +0 giant club (moderately wounded, haloed, chance to affect: 70%)
The two-headed ogre writhes in agony.
The two-headed ogre closely misses you. x2
Aim: a two-headed ogre, wielding a +0 giant spiked club and a +0 giant club (moderately wounded, haloed, chance to affect: 70%)
The two-headed ogre writhes in agony.
The two-headed ogre closely misses you.
The two-headed ogre hits you with a +0 giant club!
Aim: a two-headed ogre, wielding a +0 giant spiked club and a +0 giant club (heavily wounded, haloed)
You draw life force from the two-headed ogre!
You feel life coursing into your body.
Aim: a two-headed ogre, wielding a +0 giant spiked club and a +0 giant club (heavily wounded, haloed)
You draw life force from the two-headed ogre.
You feel life coursing into your body.
The two-headed ogre hits you with a +0 giant spiked club!
The two-headed ogre closely misses you.
Aim: a two-headed ogre, wielding a +0 giant spiked club and a +0 giant club (severely wounded, haloed)
You draw life force from the two-headed ogre!
You feel life coursing into your body.
The two-headed ogre hits you with a +0 giant spiked club!!
* * * LOW HITPOINT WARNING * * *
The two-headed ogre hits you with a +0 giant club!!
* * * LOW HITPOINT WARNING * * *
Aim: a two-headed ogre, wielding a +0 giant spiked club and a +0 giant club (almost dead, haloed)
You draw life force from the two-headed ogre.
You feel life coursing into your body.
The two-headed ogre hits you with a +0 giant spiked club!!
You die...

#..............#
#..............#
#..............#
#..............#
#............<.#
#..............#
#..............# #
#..............####..#
................@O..>#
........................
########################


You could see a two-headed ogre.

Vanquished Creatures
  A kobold demonologist (D:7)
  4 yaks
  A wraith (D:9)
  3 steam dragons (D:7)
  Menkaure (D:3)
  An acid dragon (D:9)
  2 wargs (D:8)
  3 water moccasins
  2 orc warriors (D:8)
  3 sky beasts
  A hornet zombie (D:6)
  Pargi (Sewer)
  2 ice beasts
  A black bear (D:8)
  6 ogres
  14 kobold brigands
  2 phantoms (D:7)
  3 bullfrogs
  2 scorpions
  2 wyvern skeletons
  A water moccasin skeleton (D:7)
  7 wights
  A howler monkey (D:7)
  A centaur zombie (D:8)
  6 orc priests
  5 hounds
  A jelly (D:4)
  2 bullfrog skeletons
  3 centaur skeletons
  Jessica (D:2)
  4 iguanas
  3 orc wizards
  2 killer bee zombies (D:7)
  2 hound skeletons (D:4)
  4 gnolls
  9 adders
  A shadow imp (D:8)
  An ufetubus (D:6)
  2 dart slugs
  23 orcs
  8 endoplasms
  4 giant cockroaches
  4 hobgoblins
  2 jackals (D:5)
  6 quokkas
  9 ball pythons
  4 bats
  9 frilled lizards
  16 goblins
  A jackal skeleton (D:4)
  25 kobolds
  7 rats
229 creatures vanquished.

Notes
Turn   | Place    | Note
-------+----------+-------------------------------------------
     0 | D:1      | vurker the Gnoll Necromancer began the quest for the Orb.
     0 | D:1      | Reached XP level 1. HP: 13/13 MP: 6/6
   315 | D:1      | Reached XP level 2. HP: 19/19 MP: 7/7
   670 | D:1      | Found a faded altar of an unknown god.
  1186 | D:2      | Reached skill level 5 in Spellcasting
  1186 | D:2      | Reached skill level 1 in Invocations
  1186 | D:2      | Reached XP level 3. HP: 6/25 MP: 7/9
  1447 | D:2      | Reached skill level 1 in Fighting
  1447 | D:2      | Reached skill level 1 in Short Blades
  1447 | D:2      | Reached skill level 1 in Long Blades
  1447 | D:2      | Reached skill level 1 in Axes
  1447 | D:2      | Reached skill level 1 in Maces & Flails
  1447 | D:2      | Reached skill level 1 in Polearms
  1447 | D:2      | Reached skill level 1 in Staves
  1447 | D:2      | Reached skill level 1 in Slings
  1447 | D:2      | Reached skill level 1 in Bows
  1447 | D:2      | Reached skill level 1 in Crossbows
  1447 | D:2      | Reached skill level 1 in Throwing
  1447 | D:2      | Reached skill level 1 in Armour
  1447 | D:2      | Reached skill level 1 in Shields
  1447 | D:2      | Reached skill level 1 in Unarmed Combat
  1447 | D:2      | Reached skill level 1 in Evocations
  1451 | D:2      | Learned a level 3 spell: Vampiric Draining
  1545 | D:2      | Reached XP level 4. HP: 29/32 MP: 7/11
  1715 | D:2      | Noticed Jessica
  1718 | D:2      | Killed Jessica
  1719 | D:2      | Reached skill level 1 in Conjurations
  1719 | D:2      | Reached skill level 1 in Hexes
  1719 | D:2      | Reached skill level 1 in Summonings
  1719 | D:2      | Reached skill level 1 in Translocations
  1719 | D:2      | Reached skill level 1 in Transmutations
  1719 | D:2      | Reached skill level 1 in Fire Magic
  1719 | D:2      | Reached skill level 1 in Ice Magic
  1719 | D:2      | Reached skill level 1 in Air Magic
  1719 | D:2      | Reached skill level 1 in Earth Magic
  1719 | D:2      | Reached skill level 1 in Poison Magic
  2237 | D:2      | Reached XP level 5. HP: 28/37 MP: 3/12
  2532 | D:3      | Found a glowing drain.
  3114 | Sewer    | Entered a sewer
  3248 | Sewer    | Noticed Pargi
  3251 | Sewer    | Identified a scroll of acquirement
  3251 | Sewer    | Acquired the ring of Kyugox {Will+ rCorr}
  3261 | Sewer    | Killed Pargi
  3262 | Sewer    | Reached skill level 5 in Dodging
  3262 | Sewer    | Reached XP level 6. HP: 41/44 MP: 2/14
  4144 | D:4      | Noticed Menkaure
  4155 | D:3      | Killed Menkaure
  4156 | D:3      | Reached XP level 7. HP: 15/51 MP: 15/15
  4269 | D:4      | Found Jeolimar's Armour Boutique.
  4281 | D:4      | Found a large runed translucent door.
  4281 | D:4      | Found a large runed translucent door.
  4314 | D:4      | Noticed ThreePoint314's ghost (novice DsGl)
  4339 | D:4      | Reached skill level 5 in Stealth
  4456 | D:4      | Acquired a staff of death
  4595 | D:4      | Reached XP level 8. HP: 57/57 MP: 11/16
  5466 | D:4      | Found a burning altar of Makhleb.
  5466 | D:4      | Noticed a cacodemon
  5673 | D:5      | Entered Level 5 of the Dungeon
  5837 | D:5      | Found a sacrificial altar of Ru.
  6199 | D:5      | Found a sparkling altar of Nemelex Xobeh.
  6746 | D:5      | Reached XP level 9. HP: 60/65 MP: 2/18
  7435 | D:6      | Reached skill level 8 in Necromancy
  7687 | D:7      | Found a staircase to the Ecumenical Temple.
  7709 | D:7      | Learned a level 5 spell: Irradiate
  7710 | Temple   | Entered the Ecumenical Temple
  8082 | Temple   | Became a worshipper of Vehumet
  8468 | D:7      | Found a blossoming altar of Fedhas.
  8667 | D:7      | Reached skill level 5 in Invocations
  8783 | D:7      | Found a broken altar of Ashenzari.
  8784 | D:7      | Found an opulent altar of Gozag.
  9323 | D:8      | Reached XP level 10. HP: 73/73 MP: 10/20
  9608 | D:8      | Identified the +3 mace "Uthaarum" {venom, Str+2}
  9636 | D:8      | Noticed a kobold demonologist
  9708 | D:7      | Reached skill level 5 in Fighting
  9708 | D:7      | Reached skill level 5 in Short Blades
  9708 | D:7      | Reached skill level 5 in Long Blades
  9708 | D:7      | Reached skill level 5 in Axes
  9708 | D:7      | Reached skill level 5 in Maces & Flails
  9708 | D:7      | Reached skill level 5 in Polearms
  9708 | D:7      | Reached skill level 5 in Staves
  9708 | D:7      | Reached skill level 5 in Slings
  9708 | D:7      | Reached skill level 5 in Bows
  9708 | D:7      | Reached skill level 5 in Crossbows
  9708 | D:7      | Reached skill level 5 in Throwing
  9708 | D:7      | Reached skill level 5 in Armour
  9708 | D:7      | Reached skill level 5 in Shields
  9708 | D:7      | Reached skill level 5 in Unarmed Combat
  9708 | D:7      | Reached skill level 5 in Evocations
  9959 | D:7      | Killed a kobold demonologist
 10271 | D:7      | Reached * piety under Vehumet
 10271 | D:7      | Offered knowledge of Magic Dart by Vehumet.
 11423 | D:8      | Found a staircase to the Lair.
 11924 | D:9      | Acquired a book of Decay
 11931 | D:9      | Learned a level 4 spell: Dispel Undead
 11936 | D:9      | Found a white marble altar of Elyvilon.
 12115 | D:9      | Noticed a two-headed ogre
 12127 | D:9      | Mangled by a two-headed ogre

Illustrated notes

Levels and vault maps discovered:
D:1:      grunt_arrival_lava_bath, layout_basic,
          dilly_ecumenical_altar_fadedgnrine, grunt_decor_resistance
D:2:      minmay_razor_zed, layout_rooms, corexii_hall_statues_x,
          minmay_misc_feat_four_crosses, uniq_jessica
D:3:      layout_loops_ring, gup_sewer_entry_glass
D:4:      minmay_general_purpose_star, layout_loops_cross,
          makhleb_altar_promises_db, serial_shops, shop,
          ebering_ghost_disaster_area, grunt_ministairs_11,
          grunt_decor_junction, serial_park_tiny_2, minmay_ogre_servants,
          uniq_menkaure
D:5:      layout_cave_pools, nemelex_xobeh_ov_fountains_minmay,
          mainiacjoe_overflow_alcove_1
D:6:      layout_cave_pools
D:7:      layout_basic, kennysheep_mini_moat, gammafunk_temple_overflow_pools,
          minmay_temple_entry_offerings, serial_corexii_hall,
          chequers_hall_statues_y, corexii_hall_statues_l,
          chequers_hall_statues_wall_a, corexii_hall_statues_s
D:8:      layout_cave_pools, erik_lair_orcish_takeover, special_room
          [special_room_kobold]
D:9:      layout_long_grid, elyvilon_altar_5, serial_shops,
          nicolae_shop_advertising_works [nicolae_subvault_shop_adworks]
Temple:   minmay_temple_forest_path

Skill      XL: |  1  2  3  4  5  6  7  8  9 10 |
---------------+-------------------------------+-----
Spellcasting   | 5 6 7 |  7.7
Invocations    | 1 2 3 4 5 6 |  6.3
Fighting       | 1 2 3 4 5 |  5.8
Short Blades   | 1 2 3 4 5 |  5.8
Long Blades    | 1 2 3 4 5 |  5.8
Axes           | 1 2 3 4 5 |  5.8
Maces & Flails | 1 2 3 4 5 |  5.8
Polearms       | 1 2 3 4 5 |  5.8
Staves         | 1 2 3 4 5 |  5.8
Slings         | 1 2 3 4 5 |  5.8
Bows           | 1 2 3 4 5 |  5.8
Crossbows      | 1 2 3 4 5 |  5.8
Throwing       | 1 2 3 4 5 |  5.8
Armour         | 1 2 3 4 5 |  5.8
Shields        | 1 2 3 4 5 |  5.8
Unarmed Combat | 1 2 3 4 5 |  5.8
Evocations     | 1 2 3 4 5 |  5.8
Conjurations   | 1 2 3 4 |  4.8
Hexes          | 1 2 3 4 |  4.8
Summonings     | 1 2 3 4 |  4.8
Translocations | 1 2 3 4 |  4.8
Transmutations | 1 2 3 4 |  4.8
Fire Magic     | 1 2 3 4 |  4.8
Ice Magic      | 1 2 3 4 |  4.8
Air Magic      | 1 2 3 4 |  4.8
Earth Magic    | 1 2 3 4 |  4.8
Poison Magic   | 1 2 3 4 |  4.8
Dodging        | 5 6 7 |  7.4
Stealth        | 5 6 7 |  7.2
Necromancy     | 8 |  8.7

Action                   |  1- 3 |  4- 6 |  7- 9 | 10-12 || total
-------------------------+-------+-------+-------+-------++-------
Melee: Dagger            |    11 |     8 |   148 |     8 ||   175
       Bite              |     2 |     1 |    37 |    27 ||    67
       Punch             |       |       |     9 |       ||     9
       Staff             |       |       |   108 |    33 ||   141
       Short sword       |       |       |       |   103 ||   103
 Cast: Pain              |    31 |    94 |   156 |   106 ||   387
       Vampiric Draining |       |    11 |    48 |    67 ||   126
       Dispel Undead     |       |       |       |     1 ||     1
Evoke: Wand              |       |     3 |     3 |     3 ||     9
  Use: Scroll            |       |     2 |     9 |     1 ||    12
       Potion            |       |       |     2 |     1 ||     3
 Stab: Sleeping          |     2 |     1 |     1 |       ||     4
Armor: Robe              |     1 |     6 |       |       ||     7
       Troll leather arm |       |     3 |    84 |    68 ||   155
Dodge: Dodged            |     4 |    46 |   234 |   191 ||   475

Table legend: (Time is in decaauts)
 A = Elapsed time spent in this place.
 B = Non-inter-level travel time spent in this place.
 C = Inter-level travel time spent in this place.
 D = Time resting spent in this place.
 E = Time spent auto-exploring this place.
 F = Levels seen in this place.
 G = Mean time per level.
                   A        B        C        D        E       F      G
               +--------+--------+--------+--------+--------+-----+--------+
         Total |  12130 |  11709 |    421 |   1659 |   8020 |  11 | 1102.7 |
       Dungeon |  11363 |  11002 |    361 |   1659 |   7411 |   9 | 1262.6 |
        Temple |    394 |    334 |     60 |      0 |    321 |   1 |  394.0 |
         Sewer |    372 |    372 |      0 |      0 |    288 |   1 |  372.0 |
               +--------+--------+--------+--------+--------+-----+--------+

Top non-repeatable levels by time:
     D:7: 2395 daAuts
     D:2: 1816 daAuts
     D:4: 1482 daAuts
     D:8: 1285 daAuts
     D:1: 1131 daAuts
     D:5: 1059 daAuts
     D:6: 921 daAuts
     D:3: 903 daAuts
  Temple: 394 daAuts
   Sewer: 372 daAuts
     D:9: 369 daAuts
